Map: Polka LE

Players

Throwfordays

  • Race: Protoss Protoss

Faust

  • Race: Zerg Zerg

JCDevilMaple

  • Race: Terran Terran

Kinpatsu

  • Race: Zerg Zerg
  • League: Platinum

VOD

Have the link to the VOD?

Description

Time

  • Played on: April 9, 2021, 5:09 p.m.
  • Length: 16:33
Show
View Real Time Build Order
Export as new Build Order

Throwfordays Protoss 

Build Orders: 1 Gate Expand 

Get SALT Encoding   

  12  0:00  Probe  
  13  0:12  Probe  
  14  0:18  Pylon  
  14  0:25  Probe  
  15  0:37  Gateway  
  15  0:40  Probe  
  16  0:58  Probe  
  17  1:12  Nexus  
  17  1:26  Cybernetics Core  
  17  1:31  Assimilator  
  17  1:34  Probe  
  18  1:42  Assimilator  
  18  1:46  Probe  
  19  1:47  Pylon  
  19  1:58  Probe  
  20  2:04  Zealot  
  20  2:08  Warp Gate (Chrono Boost)  
  22  2:11  Probe (Chrono Boost)  
  23  2:21  Forge  
  23  2:22  Probe (Chrono Boost)  
  24  2:27  Probe (Chrono Boost)  
  26  2:31  Probe (Chrono Boost)  
  26  2:34  Probe (Chrono Boost)  
  26  2:36  Adept  
  29  2:39  Probe x2 (Chrono Boost)  
  31  2:50  Probe  
  32  2:51  Probe  
  33  3:03  Probe  
  33  3:05  Probe  
  37  3:16  Stalker  
  37  3:17  Probe  
  38  3:30  Pylon  
  38  3:35  Stargate  
  38  3:36  Stargate  
  38  3:37  Probe  
  38  3:38  Probe  
  40  3:50  Pylon  
  40  3:53  Probe  
  40  3:54  Probe  
  42  3:58  Assimilator  
  42  4:00  Assimilator  
  42  4:11  Probe  
  42  4:12  Probe  
  42  4:14  Void Ray  
  44  4:18  Pylon  
  44  4:21  Void Ray  
  44  4:23  Probe  
  49  4:24  Probe  
  54  4:35  Probe  
  54  4:36  Probe  
  56  4:48  Adept  
  56  4:50  Probe (Chrono Boost)  
  59  4:56  Pylon  
  59  4:59  Twilight Council  
  60  5:00  Probe (Chrono Boost)  
  60  5:05  Probe (Chrono Boost)  
  61  5:08  Oracle  
  67  5:28  Oracle  
  67  5:40  Protoss Air Weapons Level 1 (Chrono Boost)  
  67  5:41  Robotics Facility  
  67  5:57  Pylon  
  67  6:04  Void Ray x2  
  75  6:20  Cybernetics Core  
  75  6:23  Forge  
  75  6:29  Warp Prism  
  77  6:40  Dark Shrine  
  77  6:41  Void Ray  
  77  6:42  Protoss Ground Weapons Level 1  
  81  7:07  Adept  
  83  7:17  Pylon  
  83  7:19  Pylon  
  83  7:21  Pylon  
  83  7:29  Void Ray x2  
  91  8:17  Nexus  
  91  8:19  Pylon  
  91  8:22  Assimilator  
  91  8:27  Assimilator  
  91  8:45  Void Ray x2  
  90  8:52  Adept  
  100  9:11  Nexus  
  100  9:13  Pylon  
  100  9:14  Protoss Ground Weapons Level 2  
  100  9:25  Stargate  
  100  9:27  Protoss Air Armor Level 1, Stargate  
  100  9:31  Assimilator  
  100  9:33  Assimilator  
  94  9:51  Adept  
  96  9:57  Resonating Glaives  
  96  10:07  Void Ray x2  
  96  10:08  Void Ray x2  
  112  10:22  Probe  
  112  10:24  Probe  
  114  10:31  Pylon  
  114  10:34  Pylon, Probe  
  115  10:36  Shield Battery, Probe  
  115  10:39  Shield Battery  
  116  10:42  Photon Cannon  
  116  10:43  Photon Cannon  
  116  10:45  Photon Cannon  
  116  10:46  Photon Cannon, Probe  
  116  10:48  Photon Cannon, Probe  
  118  10:50  Void Ray  
  118  10:51  Void Ray x3  
  134  11:06  Observer  
  135  11:18  Fleet Beacon  
  130  11:47  Protoss Shields Level 1  
  114  12:01  Probe  
  114  12:13  Probe  
  115  12:25  Probe  
  116  12:37  Probe  
  117  12:49  Probe  
  78  13:11  Anion Pulse-Crystals (Chrono Boost), Phoenix x2  
  78  13:12  Phoenix x2  
  74  13:25  Probe  
  75  13:30  Probe  
  75  13:33  Void Ray x4  
  76  13:34  Protoss Air Weapons Level 2  
  76  13:36  Protoss Air Armor Level 2  
  76  13:37  Probe  
  93  13:42  Probe  
  94  13:50  Probe x2  
  94  13:55  Probe  
  97  14:02  Probe  
  98  14:03  Probe  
  98  14:08  Flux Vanes  
  99  14:13  Photon Cannon  
  99  14:14  Probe  
  99  14:15  Probe  
  101  14:17  Photon Cannon, Void Ray x2  
  101  14:18  Void Ray x2  
  101  14:21  Photon Cannon  
  113  14:26  Probe  
  113  14:27  Probe  
  119  14:39  Probe  
  119  14:40  Dark Templar  
  122  14:46  Gateway  
  122  14:47  Gateway  
  122  14:58  Probe  
  115  15:03  Probe  
  114  15:07  Phoenix x2  
  114  15:08  Phoenix x2  
  114  15:10  Probe  
  114  15:14  Dark Templar  
  125  15:16  Probe  
  126  15:22  Probe  
  127  15:42  Void Ray x4  
Show
View Real Time Build Order
Export as new Build Order

Faust Zerg 

Build Orders: Hatch First, Lurkers, Roach Hydra 

Get SALT Encoding   

  12  0:00  Drone  
  13  0:08  Drone  
  14  0:15  Extractor  
  14  0:16  Drone  
  14  0:23  Extractor, Drone  
  14  0:27  Overlord  
  16  0:46  Drone  
  16  0:47  Drone  
  18  0:59  Hatchery  
  17  1:10  Spawning Pool  
  16  1:13  Drone  
  17  1:21  Drone  
  17  1:23  Drone  
  19  1:43  Hatchery  
  18  1:48  Drone x2  
  18  1:51  Drone  
  21  2:06  Overlord  
  21  2:08  Queen  
  21  2:09  Extractor  
  23  2:19  Drone x2  
  23  2:21  Queen  
  27  2:27  Drone x2  
  29  2:31  Overlord  
  29  2:36  Extractor, Drone  
  29  2:45  Zergling x4  
  31  2:56  Drone x2  
  31  2:57  Drone  
  34  3:06  Queen  
  34  3:09  Drone x3  
  39  3:16  Extractor  
  39  3:18  Extractor  
  37  3:20  Drone  
  37  3:21  Drone x2  
  37  3:22  Drone x2  
  37  3:23  Drone  
  43  3:31  Drone x3  
  43  3:32  Extractor, Roach Warren  
  43  3:33  Drone x2  
  46  3:53  Overlord x2  
  46  3:54  Overlord  
  46  3:56  Overlord  
  46  3:58  Drone  
  47  4:09  Drone x2  
  49  4:10  Drone  
  49  4:12  Roach  
  49  4:13  Roach x4  
  60  4:17  Roach  
  60  4:20  Drone x2  
  60  4:22  Drone  
  65  4:24  Drone  
  65  4:26  Drone  
  65  4:31  Drone x2  
  69  4:35  Evolution Chamber  
  68  4:40  Lair  
  68  4:42  Evolution Chamber  
  68  4:43  Drone  
  68  4:44  Drone  
  69  4:56  Roach x5  
  79  5:06  Roach  
  81  5:07  Overlord  
  81  5:08  Overlord x2  
  81  5:26  Roach x9  
  99  5:32  Zerg Missile Weapons Level 1  
  99  5:34  Zerg Ground Armor Level 1  
  99  5:59  Overlord x2  
  99  6:00  Overlord  
  99  6:03  Glial Reconstitution  
  99  6:07  Hydralisk Den  
  98  6:18  Roach x8  
  112  6:19  Roach x4  
  112  6:22  Overlord x3  
  122  6:41  Drone x7  
  122  6:42  Drone x2  
  130  6:56  Hatchery  
  78  7:32  Hydralisk x9  
  96  7:39  Ravager  
  80  7:55  Lurker Den, Zerg Missile Weapons Level 2  
  80  7:56  Zerg Ground Armor Level 2  
  80  7:58  Muscular Augments  
  79  8:15  Drone x2  
  79  8:16  Drone x2  
  79  8:18  Extractor, Drone x3  
  79  8:19  Extractor, Drone x2  
  86  8:20  Drone, Overlord x2  
  86  8:21  Overlord  
  87  8:27  Drone  
  87  8:28  Drone x6  
  87  8:29  Queen  
  87  8:31  Drone x2  
  87  8:32  Drone  
  99  8:37  Infestation Pit  
  99  8:38  Drone  
  99  8:43  Drone x3  
  99  8:48  Extractor, Hydralisk  
  103  8:49  Extractor  
  102  9:02  Zergling x18  
  111  9:03  Zergling x4  
  111  9:06  Lurker x4  
  111  9:07  Lurker x4  
  111  9:09  Grooved Spines  
  121  9:17  Drone x3  
  121  9:18  Drone x3  
  121  9:20  Spine Crawler  
  121  9:22  Spine Crawler  
  121  9:23  Zergling x2  
  121  9:24  Zergling x6  
  129  9:28  Metabolic Boost  
  129  9:31  Hive  
  125  10:08  Overlord x3  
  125  10:11  Overseer x2  
  125  10:13  Pneumatized Carapace  
  125  10:14  Hydralisk x12  
  125  10:16  Overlord x2  
  149  10:30  Spire  
  149  10:32  Zergling x2  
  149  10:33  Zergling x12  
  155  10:36  Zerg Melee Weapons Level 1  
  155  10:45  Evolution Chamber  
  154  10:50  Ultralisk Cavern  
  154  10:55  Lurker x2  
  155  11:09  Overseer x3  
  110  11:46  Zergling x4  
  110  11:47  Zergling x14  
  101  11:49  Zergling x6  
  105  12:02  Zergling x6  
  105  12:19  Adrenal Glands  
  105  12:20  Chitinous Plating  
  87  13:25  Drone x2  
  86  13:32  Corruptor x7  
  86  13:33  Corruptor x5  
  86  13:34  Corruptor x3  
  102  13:37  Zerg Flyer Weapons Level 1  
  102  13:39  Anabolic Synthesis  
  110  13:41  Spire  
  110  13:42  Zerg Ground Armor Level 3  
  110  13:44  Zerg Melee Weapons Level 2  
  109  13:56  Drone  
  109  13:57  Drone x10  
  109  14:01  Zergling x6  
  109  14:02  Zergling x6  
  126  14:04  Hatchery  
  126  14:05  Extractor  
  89  14:34  Drone x2  
  89  14:35  Drone  
  89  14:38  Drone x3  
  94  14:41  Extractor  
  91  15:01  Greater Spire  
  99  15:07  Ultralisk x3  
  99  15:09  Zergling x8  
Show
View Real Time Build Order
Export as new Build Order

JCDevilMaple Terran 

Build Orders:  

Get SALT Encoding   

  12  0:00  SCV  
  13  0:13  SCV  
  14  0:26  SCV, Supply Depot  
  15  0:48  SCV  
  15  0:49  Barracks  
  16  0:55  Refinery  
  16  1:00  SCV  
  17  1:12  SCV  
  18  1:24  SCV  
  19  1:38  Orbital Command  
  19  1:48  Barracks Reactor, Command Center  
  19  2:07  SCV  
  20  2:11  Supply Depot  
  20  2:20  Factory  
  20  2:23  SCV  
  20  2:25  Marine x2  
  23  2:35  SCV, Supply Depot  
  24  2:42  Marine  
  24  2:43  Marine  
  26  2:47  SCV  
  27  2:55  Refinery  
  26  2:59  SCV  
  26  3:02  Orbital Command  
  27  3:07  Factory Tech Lab  
  27  3:08  Starport  
  27  3:11  SCV  
  28  3:23  Marine x2, SCV  
  31  3:38  Siege Tank  
  34  3:42  SCV  
  34  3:43  SCV  
  34  3:46  Starport Reactor  
  36  3:51  Barracks  
  36  3:55  SCV x2  
  38  3:58  Marine  
  38  3:59  Marine  
  38  4:02  Supply Depot  
  40  4:07  SCV x2  
  42  4:12  Siege Tank  
  42  4:16  Marine x2  
  47  4:19  SCV x2  
  49  4:33  Barracks  
  49  4:36  Marine x2  
  51  4:44  SCV x2  
  53  4:47  Medivac x2  
  53  4:50  Barracks Tech Lab  
  57  4:56  SCV x2  
  59  5:01  Supply Depot  
  59  5:03  Supply Depot  
  59  5:06  Supply Depot  
  59  5:07  Marine x2  
  59  5:08  SCV  
  62  5:23  SCV x2, Widow Mine  
  62  5:25  Marine  
  62  5:26  Command Center  
  62  5:28  Marine x2  
  68  5:30  Barracks Tech Lab  
  68  5:32  Stimpack  
  68  5:35  SCV x2  
  71  5:39  Refinery  
  71  5:40  Refinery  
  71  5:47  SCV x2, Marauder  
  75  5:54  Supply Depot  
  75  5:56  Marine x3  
  78  5:58  Supply Depot, Widow Mine  
  80  6:09  Engineering Bay x2  
  80  6:11  Marine  
  81  6:13  Marine, Medivac  
  81  6:14  Marine  
  81  6:15  Marauder  
  87  6:23  Hellion  
  89  6:28  Supply Depot x2  
  89  6:36  Barracks  
  89  6:41  Orbital Command  
  89  6:43  SCV x2  
  91  6:48  Terran Infantry Weapons Level 1  
  91  6:49  Terran Infantry Armor Level 1  
  91  6:52  Supply Depot  
  91  6:55  SCV x2  
  91  6:57  Armory  
  93  7:07  SCV x2  
  92  7:11  Combat Shield  
  88  7:19  SCV  
  88  7:21  Marine x4  
  92  7:23  Siege Tank  
  92  7:24  Medivac  
  93  7:30  SCV  
  93  7:31  SCV  
  96  7:38  Marine  
  96  7:39  Marine x2  
  96  7:40  Marauder  
  96  7:43  SCV  
  99  7:44  Marine  
  99  7:49  Orbital Command  
  96  7:55  Hellbat  
  96  7:56  Marine x2  
  96  7:57  Marauder  
  96  8:01  Marauder  
  98  8:18  Missile Turret  
  98  8:19  Marine x3  
  102  8:22  Marine, Terran Vehicle Weapons Level 1  
  102  8:24  SCV x3  
  102  8:26  Barracks Reactor  
  108  8:30  Barracks  
  108  8:35  Factory  
  108  8:36  SCV x3  
  108  8:37  Marine  
  108  8:38  Marauder  
  108  8:39  Thor  
  117  8:43  Starport  
  118  8:48  SCV x3  
  118  8:54  Marine x3  
  123  8:57  Medivac  
  125  9:33  Supply Depot  
  125  9:34  Supply Depot  
  125  9:36  Supply Depot  
  125  9:37  Supply Depot  
  125  9:41  Supply Depot  
  125  9:43  Terran Infantry Armor Level 2, Terran Infantry Weapons Level 2  
  125  9:52  Factory Tech Lab  
  125  9:54  Marine x3, SCV, Medivac x2, Starport Reactor  
  125  9:55  Marine x4, SCV x2  
  139  10:04  Refinery  
  139  10:06  SCV  
  140  10:07  SCV x2  
  140  10:11  Refinery  
  140  10:12  Marine  
  143  10:14  Missile Turret  
  143  10:18  SCV  
  143  10:20  SCV x2  
  143  10:21  Missile Turret  
  146  10:24  Missile Turret  
  146  10:25  Marine x2  
  146  10:26  Marine x4  
  152  10:29  Thor  
  152  10:30  Marine, Hellbat, Medivac  
  152  10:31  SCV  
  152  10:32  SCV  
  165  10:45  Supply Depot  
  165  10:48  Supply Depot  
  165  10:50  Supply Depot  
  165  10:51  Supply Depot  
  165  10:52  Supply Depot  
  165  11:00  Missile Turret  
  165  11:06  Marine x2  
  165  11:07  SCV x2, Medivac, Marauder  
  165  11:09  Marine x2, SCV  
  165  11:10  Marauder  
  178  11:18  Marine, Command Center  
  178  11:19  SCV x2  
  178  11:20  Thor  
  178  11:21  SCV, Hellbat, Missile Turret  
  178  11:24  Marine x2  
  192  11:27  Marine  
  192  11:28  Marauder  
  192  11:31  SCV x2, Marauder  
  199  11:33  SCV  
  199  11:35  Marine  
  199  11:36  Marine  
  199  11:38  Medivac x3  
  153  11:42  Marine x2  
  153  11:45  Marine  
  130  11:50  Marauder  
  130  11:52  Marauder  
  130  11:53  Marine  
  130  11:54  Marine, Liberator  
  133  12:00  Marine x2  
  125  12:02  Marine  
  125  12:04  Fusion Core  
  120  12:10  Marine  
  120  12:11  Marauder  
  120  12:12  Marine  
  120  12:14  Marauder  
  120  12:18  Marine x2  
  120  12:20  Marine  
  123  12:28  Marine  
  123  12:29  Marine  
  124  12:32  Marauder  
  124  12:35  Marine x2, Marauder  
  131  12:38  Marine  
  131  12:41  Medivac x2  
  131  12:42  Medivac x2  
  138  12:46  Marine  
  138  12:47  Marine  
  121  12:53  Marine x3  
  123  13:07  Armory  
  101  13:32  SCV  
  101  13:33  SCV x2  
  104  13:44  Armory  
  104  13:45  Marine x4, SCV x2  
  104  13:46  Marine x3  
  113  13:52  Medivac x2, Engineering Bay  
  117  13:56  Liberator  
  117  13:57  Liberator  
  117  13:58  Advanced Ballistics  
  117  14:02  Thor x2  
  123  14:03  Marine x5  
  123  14:04  Marine x2  
  142  14:13  Planetary Fortress  
  142  14:20  Marine  
  142  14:21  Marine x5  
  142  14:22  Marine, Medivac x2  
  153  14:26  Command Center  
  153  14:38  Marine  
  153  14:39  Marine x6  
  153  14:40  Supply Depot  
  153  14:42  Supply Depot  
  153  14:45  Thor  
  160  14:50  Liberator  
  160  14:51  Liberator  
  172  14:56  Marine x3  
  172  14:57  Marine x2, SCV x2  
  179  15:02  Marauder x2  
  183  15:14  Marine x4  
  183  15:15  Marine  
  188  15:22  Marine  
  188  15:23  Marauder  
  190  15:32  Marine x5  
  195  15:37  Liberator  
  195  15:40  Marine  
  199  15:44  Marine  
Show
View Real Time Build Order
Export as new Build Order

Kinpatsu Zerg 

Build Orders: Pool First, Lurkers 

Get SALT Encoding   

  12  0:01  Drone  
  13  0:08  Drone  
  14  0:24  Overlord  
  14  0:43  Drone  
  14  0:44  Drone x2  
  17  0:54  Drone  
  18  1:11  Spawning Pool  
  17  1:13  Drone  
  17  1:15  Hatchery  
  17  1:20  Drone  
  18  1:28  Drone  
  19  1:46  Hatchery  
  18  1:48  Drone  
  18  1:49  Drone  
  20  1:55  Extractor  
  20  2:00  Drone  
  20  2:10  Drone  
  21  2:22  Overlord  
  21  2:26  Queen  
  21  2:28  Drone  
  21  2:29  Queen  
  24  2:31  Drone  
  27  2:41  Drone  
  27  2:42  Drone  
  29  2:49  Drone  
  30  2:53  Drone  
  30  2:57  Metabolic Boost  
  31  2:59  Drone  
  31  3:00  Drone  
  31  3:01  Queen  
  35  3:08  Drone  
  35  3:09  Drone  
  35  3:11  Drone  
  38  3:15  Drone  
  38  3:19  Extractor  
  38  3:20  Extractor, Drone  
  38  3:21  Extractor  
  37  3:27  Roach Warren, Drone  
  37  3:28  Drone  
  37  3:30  Drone  
  37  3:33  Drone  
  40  3:35  Drone  
  40  3:36  Drone  
  40  3:38  Overlord  
  42  4:04  Overlord x2  
  42  4:05  Drone x7  
  49  4:19  Evolution Chamber  
  49  4:23  Evolution Chamber  
  47  4:25  Drone x5  
  47  4:26  Drone x2  
  54  4:39  Lair  
  54  4:40  Drone x4  
  58  4:51  Zerg Ground Armor Level 1, Zerg Missile Weapons Level 1  
  58  5:12  Spore Crawler  
  57  5:16  Overlord x4  
  57  5:26  Drone  
  58  5:34  Queen x2  
  62  6:15  Hatchery  
  62  6:16  Hydralisk Den  
  60  6:19  Drone x3  
  60  6:20  Infestation Pit  
  62  6:46  Muscular Augments, Hydralisk  
  64  6:47  Hydralisk x13  
  64  6:50  Overlord  
  64  6:51  Overlord x8  
  64  6:53  Zerg Missile Weapons Level 2  
  90  6:57  Zerg Ground Armor Level 2  
  90  6:59  Zergling x4  
  88  7:21  Zergling x2  
  88  7:22  Zergling x16  
  97  7:28  Zergling x4  
  94  7:44  Zergling x8  
  94  7:45  Zergling x12  
  101  7:58  Grooved Spines  
  100  8:05  Spore Crawler  
  99  8:06  Spore Crawler  
  98  8:27  Lurker Den, Drone  
  98  8:28  Drone x10  
  98  8:29  Drone x7  
  115  8:37  Extractor x2  
  113  9:12  Drone  
  113  9:13  Drone x8, Overlord x2  
  113  9:14  Overlord x3  
  122  9:25  Hatchery, Infestation Pit  
  102  9:58  Spire  
  101  10:13  Lurker x12  
  113  10:15  Extractor, Zergling x14  
  113  10:16  Zergling x32  
  113  10:18  Extractor  
  113  10:21  Hive  
  134  10:28  Zergling x18  
  143  10:40  Drone  
  143  10:41  Drone x6  
  116  11:47  Mutalisk  
  116  11:48  Mutalisk x14  
  116  11:49  Mutalisk  
  124  12:00  Hydralisk  
  124  12:01  Hydralisk x2  
  124  12:02  Overlord  
  124  12:03  Overlord x8  
  121  12:23  Zerg Flyer Armor Level 1  
  116  12:59  Zergling x8  
  116  13:00  Zergling x22  
  110  13:14  Mutalisk  
  110  13:15  Mutalisk x4  
  120  13:22  Zergling x10  
  125  13:27  Lurker x2  
  126  13:47  Zerg Ground Armor Level 3, Zerg Missile Weapons Level 3  
  126  13:48  Spire  
  121  14:17  Zerg Flyer Weapons Level 1  
  111  14:58  Hydralisk x2  
  111  14:59  Roach x5, Hydralisk x6  
  132  15:00  Roach x5, Hydralisk x2  
  132  15:01  Roach  
  150  15:10  Hydralisk  
  150  15:11  Hydralisk x5  
  161  15:34  Hydralisk  
  161  15:35  Hydralisk x10  
  178  16:04  Overseer  
Tags
 
Add a new tag
Caveats
  • Supply blocks, unpowered buildings, or Contaminate may cause inaccurate times.
  • Supply counts are checked every 10 seconds.